 Dungeon Sprint DCSS version 0.29-a0-322-g68df515428 (webtiles) character file.

Game seed: 6799985882083189951

4428 mhtbhm the Fencer (level 10, -2/156 HPs)
             Began as a White Draconian Berserker on Apr 9, 2022.
             Was a High Priest of Trog.
             Slain by a 13-headed hydra (13 damage)
             ... in the Dungeon (Sprint IX: "|||||||||||||||||||||||||||||").
             The game lasted 00:02:11 (1509 turns).

mhtbhm the Fencer (White Draconian Berserker)       Turns: 1509, Time: 00:02:12

Health: -2/156     AC:  8    Str: 26    XL:     10   Next: 14%
Magic:  10/10      EV: 15    Int: 12    God:    Trog [*****.]
Gold:   0          SH:  0    Dex: 10    Spells: 9/9 levels left

rFire   . . .      SeeInvis .   a - +7 lajatang of Order {silver, rMut}
rCold   + . .      Faith    .   (shield currently unavailable)
rNeg    . . .      Spirit   .   (body armour unavailable)
rPois   .          Reflect  .   (helmet restricted)
rElec   .          Harm     .   (no cloak)
rCorr   .          Rampage  .   j - +0 pair of gloves
rMut    +          NoTele   +   (no boots)
Will    .....                   (no amulet)
Stlth   ..........              k - +3 ring of strength
HPRegen 0.36/turn               l - +3 ring of intelligence
MPRegen 0.12/turn

@: berserking, very quick
A: breathe frost, AC +7, unfitting armour, cold resistance 1, cold-blooded
a: Breathe Frost, Renounce Religion, Berserk, Trog's Hand, Brothers in Arms


You were in the Dungeon.
You worshipped Trog.
Trog was extremely pleased with you.
You visited 1 branch

Inventory:

Hand Weapons
 a - the +7 lajatang of Order (weapon) {silver, rMut}
   (Trog gifted it to you in the Dungeon)

   It inflicts extra damage upon those it strikes, and deals substantially
   increased damage to chaotic, mutated and magically transformed beings.
   rMut:      It protects you from mutation.
Missiles
 m - 3 poisoned darts (quivered)
Armour
 j - a +0 pair of gloves (worn)
Jewellery
 k - a +3 ring of strength (left hand)
 l - a +3 ring of intelligence (right hand)
 n - a ring of magical power
Wands
 i - a wand of acid (7)
Scrolls
 g - 3 scrolls of blinking
 o - a scroll of identify
 p - a scroll of fog
 r - 2 scrolls of enchant weapon
Potions
 b - 4 potions of curing
 c - 6 potions of heal wounds
 d - a potion of haste
 e - 4 potions of magic
 f - a potion of berserk rage
 h - a potion of invisibility
 q - a potion of attraction


   Skills:
 + Level 14.3 Fighting
 - Level 16.3 Long Blades
 * Level 2.2 Staves
 + Level 11.0 Dodging
 - Level 3.6 Stealth
 + Level 1.1 Evocations


You had 9 spell levels left.
You didn't know any spells.
Your spell library was empty.

Dungeon Overview and Level Annotations

Branches:
Dungeon (1/1)

Altars:
Cheibriados
Dithmenos
Elyvilon
Fedhas
Gozag
Hepliaklqana
Kikubaaqudgha
Makhleb
Nemelex Xobeh
Okawaru
Qazlal
Ru
Sif Muna
Trog
Uskayaw
Vehumet
Wu Jian
Xom
Yredelemnul
Zin
The Shining One
Beogh
Jiyva
Lugonu


Innate Abilities, Weirdness & Mutations

You can breathe waves of freezing cold which knock back foes.
Your icy white scales are hard. (AC +7)
You cannot fit into any form of body armour.
Your flesh is cold resistant. (rC+)
You are cold-blooded and may be slowed by cold attacks.


Message History

Aim: an 11-headed hydra (moderately wounded, 90% to hit)
The bolt of acid hits the 11-headed hydra!
The acid corrodes the 11-headed hydra!
The 11-headed hydra is heavily wounded.
The bolt of acid hits the bullfrog!!
The bullfrog is almost dead.
Unknown command.
A red film seems to cover your vision as you go berserk!
You feel yourself moving faster!
You feel mighty! The 11-headed hydra barely misses you.
The 11-headed hydra bites you. The 11-headed hydra closely misses you.
The 11-headed hydra misses you. The 11-headed hydra barely misses you.
The 11-headed hydra closely misses you. The 11-headed hydra bites you.
The 11-headed hydra closely misses you. x2
The 11-headed hydra barely misses you. The 11-headed hydra bites you!
The bullfrog gives a loud, deep croak!
You slice one of the 11-headed hydra's heads off!
The ten-headed hydra grows two more!
You slice the 12-headed hydra!!
The 12-headed hydra is severely wounded.
The 12-headed hydra misses you. The 12-headed hydra bites you.
The 12-headed hydra bites you! The 12-headed hydra barely misses you.
The 12-headed hydra misses you. The 12-headed hydra bites you.
The 12-headed hydra barely misses you.
The 12-headed hydra bites you but does no damage.
The 12-headed hydra closely misses you. The 12-headed hydra bites you!
* * * LOW HITPOINT WARNING * * *
The 12-headed hydra bites you!
* * * LOW HITPOINT WARNING * * *
The 12-headed hydra bites you.
* * * LOW HITPOINT WARNING * * *
You chop one of the 12-headed hydra's heads off!
The 11-headed hydra grows two more!
You slice the 13-headed hydra!!
Your tail-slap misses the 13-headed hydra.
The 13-headed hydra is severely wounded.
The 13-headed hydra bites you!
* * * LOW HITPOINT WARNING * * *
The 13-headed hydra completely misses you.
The 13-headed hydra bites you!
* * * LOW HITPOINT WARNING * * *
The 13-headed hydra bites you!
You die...

▓_▓.▓.▓
▓_▓.▓.▓
▓_▓.▓.▓
▓_▓.▓.▓
▓_▓.▓F▓
▓_▓.▓)▓
▓_▓.▓F▓
▓_▓.▓D▓
▓_▓.▓@▓
▓_▓.▓.▓
▓_▓.▓.▓
▓'▓.▓.▓
▓.▓.▓.▓
▓.▓.▓.▓
▓.▓.▓[▓
▓.▓.▓!▓
▓.▓.▓.▓


You could see a 13-headed hydra (corroded) and 2 bullfrogs.

Vanquished Creatures
  A deep elf pyromancer (D)
  An ugly thing (D)
  A cyclops (D)
  A water nymph (shapeshifter) (D)
  3 cane toads (D)
  A blink frog (D)
  A wraith (D)
  A vampire (D)
  2 yaks (D)
  4 wyverns (D)
  3 water moccasins (D)
  An ice beast (D)
  A kobold brigand (D)
  A scorpion (D)
  A killer bee (D)
  2 howler monkeys (D)
  A jelly (D)
  An orc wizard (D)
  An orc (D)
  A ball python (D)
  A giant cockroach (D)
  A goblin (D)
  A hobgoblin (D)
  A frilled lizard (D)
33 creatures vanquished.

Notes
Turn   | Place    | Note
-------+----------+-------------------------------------------
     0 | D        | mhtbhm the Draconian Berserker began the quest for the Orb.
     0 | D        | Reached XP level 1. HP: 19/19 MP: 1/1
    14 | D        | Reached ** piety under Trog
    68 | D        | Noticed a jelly
    68 | D        | Noticed a water moccasin
    68 | D        | Noticed a scorpion
    68 | D        | Noticed an ice beast
    71 | D        | Reached XP level 2. HP: 27/27 MP: 2/2
    78 | D        | Killed an ice beast
    78 | D        | Reached *** piety under Trog
    79 | D        | Reached skill level 6 in Long Blades
    79 | D        | Reached skill level 5 in Dodging
    79 | D        | Reached XP level 3. HP: 38/38 MP: 3/3
    79 | D        | Reached XP level 4. HP: 45/45 MP: 4/4
    80 | D        | Killed a scorpion
    81 | D        | Reached skill level 7 in Long Blades
    81 | D        | Reached XP level 5. HP: 52/52 MP: 5/5
    83 | D        | Killed a water moccasin
    84 | D        | Reached skill level 8 in Long Blades
    84 | D        | Reached XP level 6. HP: 62/62 MP: 6/6
    91 | D        | Found a snail-covered altar of Cheibriados.
    91 | D        | Found a shadowy altar of Dithmenos.
    91 | D        | Found a white marble altar of Elyvilon.
    91 | D        | Found a blossoming altar of Fedhas.
    91 | D        | Found an opulent altar of Gozag.
    92 | D        | Found a hazy altar of Hepliaklqana.
    93 | D        | Found a viscous altar of Jiyva.
    94 | D        | Found an ancient bone altar of Kikubaaqudgha.
    95 | D        | Found a corrupted altar of Lugonu.
    96 | D        | Found a burning altar of Makhleb.
    97 | D        | Found a sparkling altar of Nemelex Xobeh.
    98 | D        | Found an iron altar of Okawaru.
    99 | D        | Found a stormy altar of Qazlal.
   100 | D        | Found a sacrificial altar of Ru.
   101 | D        | Found a shimmering blue altar of Sif Muna.
   102 | D        | Found a bloodstained altar of Trog.
   103 | D        | Found a hide-covered altar of Uskayaw.
   104 | D        | Found a radiant altar of Vehumet.
   105 | D        | Found an ornate altar of the Wu Jian Council.
   106 | D        | Found a shimmering altar of Xom.
   107 | D        | Found a basalt altar of Yredelemnul.
   108 | D        | Found a glowing silver altar of Zin.
   109 | D        | Found a glowing golden altar of the Shining One.
   377 | D        | Noticed a wyvern
   377 | D        | Noticed a vampire
   381 | D        | Killed a vampire
   381 | D        | Reached **** piety under Trog
   382 | D        | Reached skill level 9 in Long Blades
   389 | D        | Reached skill level 10 in Fighting
   389 | D        | Reached skill level 1 in Stealth
   389 | D        | Your scales start taking on an icy white colour.
   389 | D        | Reached XP level 7. HP: 72/72 MP: 7/7
   389 | D        | Gained mutation: Your flesh is cold resistant. (rC+) [White
                  | Draconian growth]
   392 | D        | Reached skill level 10 in Long Blades
   400 | D        | Reached ***** piety under Trog
   407 | D        | Killed a wyvern
   408 | D        | Reached skill level 11 in Long Blades
   517 | D        | Noticed a cyclops
   517 | D        | Noticed a wraith
   517 | D        | Noticed a deep elf pyromancer
   517 | D        | Noticed a red ugly thing
   519 | D        | Noticed a fire elemental
   523 | D        | Noticed a mana viper
   523 | D        | a swamp worm changed into a mana viper
   524 | D        | Killed a red ugly thing
   525 | D        | Reached skill level 12 in Long Blades
   525 | D        | Reached XP level 8. HP: 64/82 MP: 8/8
   530 | D        | Killed a deep elf pyromancer
   530 | D        | Received a gift from Trog
   531 | D        | Reached skill level 13 in Long Blades
   539 | D        | Noticed a glowing orange brain
   539 | D        | a mana viper changed into a glowing orange brain
   545 | D        | Noticed a water nymph
   545 | D        | a glowing orange brain changed into a water nymph
   547 | D        | Killed a water nymph
   548 | D        | Reached skill level 14 in Long Blades
   548 | D        | Reached XP level 9. HP: 67/92 MP: 9/9
   552 | D        | Killed a cyclops
   553 | D        | Reached skill level 10 in Dodging
   883 | D        | Noticed a cane toad
   883 | D        | Noticed a cane toad
   897 | D        | Reached skill level 15 in Long Blades
   900 | D        | Noticed a cane toad
   907 | D        | Killed a cane toad
   910 | D        | Reached ****** piety under Trog
   914 | D        | Received a gift from Trog
   914 | D        | Found the +7 lajatang of Order {silver, rMut}
   926 | D        | Killed a cane toad
   935 | D        | Reached skill level 16 in Long Blades
   939 | D        | Killed a cane toad
   940 | D        | Reached skill level 1 in Evocations
   940 | D        | Reached XP level 10. HP: 32/103 MP: 10/10
  1214 | D        | Noticed a catoblepas
  1214 | D        | Noticed a six-headed hydra
  1218 | D        | Reached skill level 1 in Staves
  1228 | D        | Noticed a black mamba
  1509 | D        | Slain by a 13-headed hydra

Illustrated notes

Levels and vault maps discovered:
D:        linesprint [early_d, line_temple, items_1, d_10, items_2, lair_1,
          lair_end, items_3, orc_1, orc_end, items_4, d_15, swamp_1, shoals_1,
          snake_1, spider_1, d_20, vaults_1, items_5, swamp_end, shoals_end,
          snake_end, spider_end, vaults_end, d_27, items_6, zot_1, zot_end,
          crypt_end, forest_end, elf_end, slime_end, tomb_end, abyss_end,
          pan_hell_end]

Skill      XL: |  1  2  3  4  5  6  7  8  9 10 |
---------------+-------------------------------+-----
Dodging        | 3 5 6 7 8 9 10 11 | 11.0
Fighting       | 4 6 7 8 10 11 12 14 | 14.3
Long Blades    | 6 7 8 9 12 14 16 | 16.3
Stealth        | 1 2 3 |  3.6
Evocations     | 1 |  1.1
Staves         | 2 |  2.2

Action                   |  1- 3 |  4- 6 |  7- 9 | 10-12 || total
-------------------------+-------+-------+-------+-------++-------
Melee: Falchion          |    23 |     6 |       |       ||    29
       Tailslap          |     2 |     4 |    16 |       ||    22
       Scimitar          |       |     9 |    94 |       ||   103
       Lajatang          |       |       |       |    11 ||    11
Invok: Berserk           |     1 |     1 |     1 |     2 ||     5
       Brothers in Arms  |       |       |       |     1 ||     1
 Abil: Breathe Frost     |       |       |     2 |       ||     2
Evoke: Wand              |       |       |     2 |     1 ||     3
  Use: Potion            |       |       |     4 |       ||     4
       Scroll            |       |       |       |     1 ||     1
Armor: Skin              |     7 |     1 |    13 |    14 ||    35
Dodge: Dodged            |     9 |     5 |    41 |    36 ||    91

Table legend: (Time is in decaauts)
 A = Elapsed time spent in this place.
 B = Non-inter-level travel time spent in this place.
 C = Inter-level travel time spent in this place.
 D = Time resting spent in this place.
 E = Time spent auto-exploring this place.
 F = Levels seen in this place.
 G = Mean time per level.
                   A        B        C        D        E       F      G
               +--------+--------+--------+--------+--------+-----+--------+
         Total |   1524 |   1524 |      0 |    957 |    268 |   1 | 1524.0 |
       Dungeon |   1524 |   1524 |      0 |    957 |    268 |   1 | 1524.0 |
               +--------+--------+--------+--------+--------+-----+--------+

Top non-repeatable levels by time:
       D: 1524 daAuts
